 Dungeon Crawl Stone Soup version 0.31-a0-986-g5e6e4ef867 (webtiles) character file.

Game seed: 129465908463729017

119 Maxmaps the Changeling (level 5, -2/51 HPs)
             Began as an Octopode Shapeshifter on Nov 6, 2023.
             Slain by an orc
             ... wielding a +0 trident
              (5 damage)
             ... on level 3 of the Dungeon.
             The game lasted 00:02:37 (1650 turns).

Maxmaps the Changeling (Octopode Shapeshifter)      Turns: 1650, Time: 00:02:38

Health: -2/51      AC: 22    Str: 14    XL:     5   Next: 3%
Magic:  5/5        EV:  2    Int: 14    God:
Gold:   94         SH:  0    Dex: 11    Spells: 4/4 levels left

rFire   . .          .
                       - Unarmed
rCold   . . .        (no shield)
rNeg    . . .        (helmet currently unavailable)
rPois   +            (no amulet)
rElec   .            (no ring)
rCorr   .            (no ring)
SInv    .            (no ring)
Will    .....        (no ring)
Stlth   +            (no ring)
HPRegen 0.28/turn    (no ring)
MPRegen 0.09/turn    (no ring)
                     (no ring)

%: no passive effects
@: confused, tree-form
A: stationary, stasis, torment immunity, boosted hp, almost no armour,
(amphibious), 8 rings, (camouflage 1), (gelatinous body 1), (nimble swimmer 1),
(tentacles)
a: no special abilities


You were on level 3 of the Dungeon.
You were a tree.
You visited 1 branch of the dungeon, and saw 3 of its levels.

You collected 94 gold pieces.

Inventory:

Jewellery
 n - an amulet of faith
Talismans
 b - a beast talisman
 c - a flux talisman
Scrolls
 d - 2 scrolls of teleportation {unknown}
 g - 2 scrolls of acquirement {unknown}
 h - 2 scrolls of vulnerability {unknown}
 i - a scroll of silence {unknown}
 m - a scroll of immolation {unknown}
Potions
 e - 2 potions of attraction {unknown}
 f - a potion of might {unknown}
 j - a potion of invisibility {unknown}
 k - 3 potions of degeneration {unknown}
 l - a potion of haste {unknown}
 o - a potion of enlightenment {unknown}


   Skills:
 - Level 2.0 Fighting
 - Level 2.0 Dodging
 + Level 3.7 Stealth
 - Level 3.0 Unarmed Combat
 - Level 4.2 Shapeshifting


You had 4 spell levels left.
You didn't know any spells.
Your spell library contained the following spells:

 Spells                   Type           Power      Damage    Failure   Level
 Necrotise                Necr           0%         1d4       28%         1
 Frozen Ramparts          Ice            0%         1d1       65%         3
 Vampiric Draining        Necr           0%         2d6       65%         3
 Petrify                  Tmut/Erth      0%         N/A       96%         4
 Agony                    Necr           0%         N/A       100%        5
 Metabolic Englaciation   Hex/Ice        0%         N/A       100%        5


Dungeon Overview and Level Annotations

Branches:
Dungeon (3/15)

Altars:

Shops:
D:3 (


Innate Abilities, Weirdness & Mutations

You are a tree.
Your roots penetrate the ground, keeping you stationary.
You cannot be teleported.
You are immune to unholy pain and torment.
Your maximum health is greatly increased.
You cannot wear most types of armour.
((You are amphibious.))
You can wear up to eight rings at the same time.
((Your skin changes colour to match your surroundings (Stealth+).))
((Your rubbery body absorbs attacks. (AC +1, EV +1)))
((You are camouflaged when in or above water. (Stealth+)))
((You have tentacles for arms and can constrict up to eight enemies at once.))


Message History

The orc hits you with a +0 flail. The orc hits you but does no damage.
You completely miss the orc. Your punch misses the orc.
The orc hits you but does no damage. x4
You hit the orc.
The orc is lightly wounded.
The orc hits you but does no damage. x4; Something hits you.
You hit the orc but do no damage.
The orc is lightly wounded.
The orc hits you but does no damage. x4; Something hits you but does no damage.
You smack the orc!
You kill the orc!
The orc barely misses you. The orc hits you with a +0 mace.
The orc hits you but does no damage.
You miss something. Something hits you but does no damage.
The orc hits you but does no damage. x3
You hit the orc.
The orc is moderately wounded.
You hear some strange, mumbled words.
You are confused.
The orc barely misses you. The orc hits you but does no damage. x2
You hit the orc.
The orc is heavily wounded.
Something hits you but does no damage. The orc hits you but does no damage. x2
The orc barely misses you.
You smack the orc!
You kill the orc!
Something hits you but does no damage.
The orc hits you from afar with a +0 trident.
* * * LOW HITPOINT WARNING * * *
The orc hits you with a +0 mace.
* * * LOW HITPOINT WARNING * * *
You swing at nothing.
Something hits you but does no damage. The orc hits you but does no damage. x2
You attack the rock wall.
You hear some strange, mumbled words.
A puff of flame appears from out of thin air!
The puff of flame hits you!
* * * LOW HITPOINT WARNING * * *
The orc hits you from afar with a +0 trident.
You die...

######### .........
........# ........#
........# .......o#
#######
......o.#####.#
......#
.....l{♣)......
......#
.....##...##.##
......#
.....#.....#.#
......#
..........)..#
......#
........∩....#
......#
..........††.#
......#
######.....#.#
......# ##...##.#
......############..#
#


You could see an iguana and 2 orcs.

Vanquished Creatures
  Robin (D:2)
  3 adders
  3 dart slugs (D:2)
  2 orcs (D:3)
  3 bats (D:1)
  2 endoplasms
  4 giant cockroaches
  16 goblins
  5 hobgoblins
  6 jackals (D:1)
  8 quokkas
  A frilled lizard (D:1)
  5 kobolds
  8 rats
67 creatures vanquished.

Notes
Turn   | Place    | Note
-------+----------+-------------------------------------------
     0 | D:1      | Maxmaps the Octopode Shapeshifter began the quest for the
                  | Orb.
     0 | D:1      | Reached XP level 1. HP: 13/13 MP: 1/1
   131 | D:1      | Reached XP level 2. HP: 17/18 MP: 2/2
   529 | D:1      | Reached XP level 3. HP: 23/23 MP: 3/3
   561 | D:1      | Reached skill level 4 in Shapeshifting
  1011 | D:2      | Reached XP level 4. HP: 26/29 MP: 4/4
  1028 | D:2      | Reached skill level 1 in Stealth
  1039 | D:2      | Noticed Robin
  1045 | D:2      | Killed Robin
  1592 | D:3      | Found Feol's Weapon Shop.
  1598 | D:3      | Reached XP level 5. HP: 27/34 MP: 5/5
  1650 | D:3      | Slain by an orc

Illustrated notes

Levels and vault maps discovered:
D:1:      psy_arrival_fountain, layout_basic, minmay_misc_feat_x
D:2:      layout_loops_ring, minmay_misc_feat_four_crosses, minmay_domino_2,
          uniq_robin
D:3:      layout_basic, serial_shops, nicolae_shop_rolling_square, shop,
          nicolae_shop_bloodbath_and_beyond, shop_coins, uniq_natasha,
          uniq_sigmund

Skill      XL: |  1  2  3  4 |
---------------+-------------+-----
Shapeshifting  | 4 |  4.2
Fighting       | 2 |  2.0
Stealth        | 3 |  3.7
Dodging        | |  2.0
Unarmed Combat | |  3.0

Action                     |  1- 3 |  4- 6 || total
---------------------------+-------+-------++-------
  Melee: Unarmed           |    66 |    57 ||   123
         Constrict         |    21 |    16 ||    37
         Tentacles         |    12 |     6 ||    18
         Punch             |     3 |     1 ||     4
    Use: Potion            |       |     1 ||     1
   Stab: Sleeping          |     6 |     2 ||     8
 Armour: Skin              |    33 |    63 ||    96
  Dodge: Dodged            |    30 |    27 ||    57

Table legend: (Time is in decaauts)
 A = Elapsed time spent in this place.
 B = Non-inter-level travel time spent in this place.
 C = Inter-level travel time spent in this place.
 D = Time resting spent in this place.
 E = Time spent auto-exploring this place.
 F = Levels seen in this place.
 G = Mean time per level.
                   A        B        C        D        E       F      G
               +--------+--------+--------+--------+--------+-----+--------+
         Total |   1643 |   1583 |     60 |      0 |   1267 |   3 |  547.7 |
       Dungeon |   1643 |   1583 |     60 |      0 |   1267 |   3 |  547.7 |
               +--------+--------+--------+--------+--------+-----+--------+

Top non-repeatable levels by time:
     D:1: 934 daAuts
     D:2: 619 daAuts
     D:3: 90 daAuts
